 Dungeon Crawl Stone Soup version 0.23.1 (webtiles) character file.

Game seed: 0

1225 elfaar the Basher (level 8, -1/70 HPs)
             Began as a Minotaur Abyssal Knight on Mar 6, 2019.
             Was an Elder of Lugonu.
             Slain by a bone dragon (8 damage)
             ... summoned by Lugonu's corruption
             ... on level 5 of the Dungeon.
             The game lasted 00:28:43 (3656 turns).

elfaar the Basher (Minotaur Abyssal Knight)         Turns: 3656, Time: 00:28:50

Health: -1/70      AC: 12    Str: 18    XL:     8   Next: 23%
Magic:  3/8        EV: 23    Int:  9    God:    Lugonu [****..]
Gold:   233        SH:  0    Dex: 11    Spells: 7/7 levels left

rFire    + . .     SeeInvis .   p - +1 flail (crush)
rCold    . . .     Gourm    .   (no shield)
rNeg     . . .     Faith    .   t - +0 chain mail
rPois    .         Spirit   .   (helmet unavailable)
rElec    .         Reflect  .   (no cloak)
rCorr    .         Harm     .   n - +0 pair of gloves
MR       .....                  (no boots)
Stlth    ..........             q - amulet of the acrobat
HPRegen  0.21/turn              d - ring of flight
MPRegen  0.11/turn              k - ring of protection from fire

@: acrobat
A: retaliatory headbutt, hooves 1, horns 3, shaggy fur 1, MP-powered wands
a: Depart the Abyss, Bend Space, Banish, Corrupt, Renounce Religion, Evoke
Flight


You were on level 5 of the Dungeon.
You worshipped Lugonu.
Lugonu was greatly pleased with you.
You were hungry.

You visited 1 branch of the dungeon, and saw 5 of its levels.
You visited the Abyss 1 time.
You also visited: Sewer.

You collected 233 gold pieces.

Inventory:

Hand Weapons
 a - a +1 mace
 p - a +1 flail of crushing (weapon)
 x - a +0 hunting sling
Missiles
 b - 136 stones (quivered)
Armour
 j - a +0 ring mail
 n - a +0 pair of gloves (worn)
 t - a +0 chain mail (worn)
Jewellery
 d - a ring of flight (left hand)
 k - a ring of protection from fire (right hand)
 q - an amulet of the acrobat (around neck)
 s - an uncursed ring of ice
Wands
 i - a wand of clouds (6)
 w - a wand of polymorph (13)
Scrolls
 g - a scroll of fog
 r - 2 scrolls of remove curse
 y - a scroll of magic mapping
 B - 2 scrolls of teleportation
Potions
 e - 2 potions of flight {unknown}
 f - a potion of cancellation {unknown}
 h - a potion of agility {unknown}
 l - a potion of lignification {unknown}
 m - a potion of brilliance {unknown}
 o - 3 potions of heal wounds
 v - 2 potions of might {unknown}
 z - 4 potions of magic {unknown}
 A - 3 potions of curing {unknown}
 C - a potion of haste {unknown}
 D - a potion of degeneration {unknown}
 E - a potion of resistance {unknown}
Comestibles
 c - 6 rations


   Skills:
 + Level 6.0 Fighting
 + Level 8.7 Maces & Flails
 + Level 5.8 Armour
 + Level 2.3 Dodging
 + Level 0.5 Stealth
 + Level 2.5 Invocations
 + Level 1.3 Evocations


You had 7 spell levels left.
You didn't know any spells.
Your spell library contained the following spells:

 Spells                   Type           Power        Failure   Level  Hunger
 Shock                    Conj/Air       #...         99%         1    ##.....
 Swiftness                Chrm/Air       #.......     100%        2    ###....
 Static Discharge         Conj/Air       #.......     100%        3    ####...
 Airstrike                Air            #.........   100%        4    #####..
 Lightning Bolt           Conj/Air       #.........   100%        5    ######.


Dungeon Overview and Level Annotations

Branches:
Dungeon (5/15)
 Temple: D:4-7

Altars:
Cheibriados
Dithmenos
Hepliaklqana
Wu Jian
Xom
Zin

Shops:
D:4 =

Annotations:
D:5 corrupted


Innate Abilities, Weirdness & Mutations

You reflexively headbutt those who attack you in melee.
You have a pair of large horns on your head.
You have large cloven feet.
You are covered in fur. (AC +1)
You expend magic power (3 MP) to strengthen your wands.


Message History

The thrashing horror is heavily damaged.
The thrashing horror barely misses you.
The thrashing horror tramples you but does no damage.
The hell hog bites the thrashing horror.
The thrashing horror tramples you.
You hold your ground!
The thrashing horror tramples you but does no damage.
The hell hog bites the thrashing horror!
The bone dragon bites the thrashing horror!!
The bone dragon barely misses the thrashing horror.
The bone dragon tramples the thrashing horror!
The thrashing horror holds its ground!
The thrashing horror is destroyed!
The hell hog barely misses you.
The large abomination completely misses you.
The bone dragon bites you!
* * * LOW HITPOINT WARNING * * *
The bone dragon claws you!
* * * LOW HITPOINT WARNING * * *
The bone dragon tramples you!
You die...

### #... #..# #.#
#####..###
#..#.#x..###
##.##3X.3##X#
##.3X..2#X#h#..x....
....X.4XWD@.#X##$..<
####...4#D###.# ..
#.....X5# #.
#.......# .
####.#### .# #.. .#
###


You could see 2 neutral bone dragons, 3 neutral starcursed masses, a neutral
hell hog (wandering), a neutral shadow demon (wandering), 4 neutral large
abominations, a neutral smoke demon (wandering), a neutral hungry ghost
(wandering), a neutral neqoxec (wandering), 2 neutral chaos spawn, a neutral
small abomination (wandering) and a neutral white imp (wandering).

Vanquished Creatures
  Duvessa (D:4)
  An ogre (D:4)
  A centaur (D:5)
  3 big kobolds (Sewer)
  Dowan (D:4)
  A scorpion (D:4)
  A water moccasin skeleton (D:4)
  2 hounds
  2 bullfrog skeletons (D:4)
  An orc priest (D:4)
  Terence (D:3)
  Ijyb (D:3)
  A worker ant (D:4)
  A hound skeleton (D:4)
  Robin (D:4)
  4 gnolls (D:2)
  17 adders
  3 oozes
  5 worms
  2 dart slugs (D:2)
  4 leopard geckos
  11 orcs
  10 bats
  10 giant cockroaches
  18 goblins
  8 hobgoblins
  11 kobolds
  2 quokkas
  9 ball pythons
  10 frilled lizards
  10 rats
153 creatures vanquished.

Vanquished Creatures (others)
  A worker ant (D:5)
  A plant (D:5)
2 creatures vanquished.

Grand Total: 155 creatures vanquished

Notes
Turn   | Place    | Note
-------+----------+-------------------------------------------
     0 | Abyss:1  | elfaar the Minotaur Abyssal Knight began the quest for the
                  | Orb.
     0 | Abyss:1  | Reached XP level 1. HP: 19/19 MP: 1/1
    21 | D:1      | Escaped the Abyss
   139 | D:1      | Reached skill level 3 in Maces & Flails
   141 | D:1      | Reached XP level 2. HP: 23/27 MP: 2/2
   160 | D:1      | Found a shimmering altar of Xom.
   273 | D:1      | Found an ornate altar of the Wu Jian Council.
   477 | D:1      | Reached ** piety under Lugonu
   602 | D:1      | Reached XP level 3. HP: 30/33 MP: 3/3
   679 | D:2      | Reached XP level 4. HP: 10/41 MP: 4/4
   962 | D:2      | Found a shadowy altar of Dithmenos.
  1071 | D:2      | Found a hazy altar of Hepliaklqana.
  1076 | D:2      | Reached skill level 4 in Maces & Flails
  1304 | D:2      | Reached XP level 5. HP: 47/47 MP: 5/5
  1552 | D:2      | Found a glowing silver altar of Zin.
  1818 | D:3      | Gained mutation: You are occasionally teleported next to
                  | monsters. [potion of mutation]
  1818 | D:3      | Gained mutation: You have a pair of large horns on your
                  | head. [potion of mutation]
  1819 | D:3      | Lost mutation: You have a pair of large horns on your head.
                  | [potion of mutation]
  1819 | D:3      | Lost mutation: You are occasionally teleported next to
                  | monsters. [potion of mutation]
  1819 | D:3      | Gained mutation: You have a pair of large horns on your
                  | head. [potion of mutation]
  1819 | D:3      | Gained mutation: You have large cloven feet. [potion of
                  | mutation]
  1819 | D:3      | Gained mutation: You expend magic power (3 MP) to
                  | strengthen your wands. [potion of mutation]
  1819 | D:3      | Gained mutation: You are covered in fur. (AC +1) [potion of
                  | mutation]
  1831 | D:3      | Noticed Ijyb
  1838 | D:3      | Killed Ijyb
  1838 | D:3      | Reached *** piety under Lugonu
  1838 | D:3      | Reached skill level 5 in Maces & Flails
  2164 | D:3      | Noticed Terence
  2180 | D:3      | Killed Terence
  2180 | D:3      | Reached XP level 6. HP: 53/53 MP: 6/6
  2308 | D:3      | Found a snail-covered altar of Cheibriados.
  2745 | D:4      | Reached skill level 5 in Fighting
  2745 | D:4      | Reached skill level 6 in Maces & Flails
  2832 | D:4      | Found Kaniwnol's Jewellery Shoppe.
  2866 | D:4      | Noticed Robin
  2877 | D:4      | Reached **** piety under Lugonu
  2880 | D:4      | Reached XP level 7. HP: 33/61 MP: 7/7
  2902 | D:4      | Killed Robin
  3095 | D:4      | Found a glowing drain.
  3138 | Sewer    | Entered a sewer
  3170 | Sewer    | Reached skill level 7 in Maces & Flails
  3193 | Sewer    | Reached skill level 5 in Armour
  3499 | D:4      | Noticed Duvessa
  3499 | D:4      | Noticed Dowan
  3511 | D:4      | Killed Duvessa
  3511 | D:4      | Reached skill level 8 in Maces & Flails
  3524 | D:4      | Killed Dowan
  3524 | D:4      | Reached skill level 1 in Evocations
  3524 | D:4      | Reached XP level 8. HP: 45/70 MP: 8/8
  3622 | D:5      | Entered Level 5 of the Dungeon
  3636 | D:5      | Corrupted D:5
  3636 | D:5      | Noticed a thrashing horror
  3636 | D:5      | Noticed a bone dragon
  3636 | D:5      | Noticed a large abomination
  3636 | D:5      | Noticed a large abomination
  3636 | D:5      | Noticed a large abomination
  3637 | D:5      | Noticed a bone dragon
  3637 | D:5      | Noticed a hell hog
  3637 | D:5      | Noticed a shadow demon
  3637 | D:5      | Noticed a starcursed mass
  3637 | D:5      | Noticed a starcursed mass
  3640 | D:5      | Noticed a smoke demon
  3646 | D:5      | Noticed a thrashing horror
  3656 | D:5      | Slain by a bone dragon

Skill      XL: |  1  2  3  4  5  6  7  8 |
---------------+-------------------------+-----
Maces & Flails | 3 4 5 6 8 |  8.7
Fighting       | 4 5 6 |  6.0
Invocations    | 2 |  2.5
Armour         | 3 4 5 |  5.8
Dodging        | 2 |  2.3
Evocations     | 1 |  1.3
Stealth        | |  0.5

Action                   |  1- 3 |  4- 6 |  7- 9 || total
-------------------------+-------+-------+-------++-------
Melee: Mace              |    75 |       |       ||    75
       Headbutt          |     9 |    15 |    12 ||    36
       Flail             |       |   172 |   116 ||   288
       Kick              |       |    27 |    27 ||    54
Throw: Stone             |     5 |       |       ||     5
Invok: Bend Space        |       |     1 |       ||     1
       Corrupt           |       |       |     1 ||     1
 Abil: Evoke Flight      |       |       |     6 ||     6
       Stop Flying       |       |       |     5 ||     5
  Use: Scroll            |       |     7 |     1 ||     8
       Potion            |       |     2 |       ||     2
  Eat: Chunk             |       |     6 |     4 ||    10
Armor: Leather armour    |     8 |       |       ||     8
       Chain mail        |    36 |   113 |    69 ||   218
Dodge: Dodged            |    33 |    85 |    67 ||   185
